 Dungeon Crawl Stone Soup version 0.31-a0-728-g01b46875f1 (webtiles) character file.

Game seed: 2225853388580824959

267 inmateoo the Chopper (level 6, 0/53 HPs)
             Began as a Minotaur Fighter on Sept 11, 2023.
             Slain by a goblin
             ... wielding a +0 dagger
              (1 damage)
             ... on level 4 of the Dungeon.
             The game lasted 00:02:02 (2775 turns).

inmateoo the Chopper (Minotaur Fighter)             Turns: 2775, Time: 00:02:03

Health: 0/53       AC:  8    Str: 23      XL:     6   Next: 0%
Magic:  5/5        EV: 10    Int:  5      God:
Gold:   174        SH:  4    Dex:  5 (9)  Spells: 5/5 levels left

rFire   . . .        a - +0 war axe
rCold   . . .        c - +0 buckler
rNeg    . . .        b - +0 scale mail
rPois   .            (helmet restricted)
rElec   .            h - +0 cloak
rCorr   .            (no gloves)
SInv    .            (no boots)
Will    .....        (no amulet) Stlth
                     (no ring)
HPRegen 0.28/turn    (no ring)
MPRegen 0.09/turn

%: no passive effects
@: mighty, lethally poisoned (0 -> -2)
A: horns 2, retaliatory headbutt
a: no special abilities


You were on level 4 of the Dungeon.
You visited 1 branch of the dungeon, and saw 4 of its levels.
You also visited: Sewer.

You collected 174 gold pieces.

Inventory:

Hand Weapons
 a - a +0 war axe (weapon)
Armour
 b - a +0 scale mail (worn)
 c - a +0 buckler (worn)
 h - a +0 cloak (worn)
Wands
 l - a wand of paralysis (6)
 n - a wand of roots (4)
Scrolls
 e - a scroll of identify
 j - 3 scrolls of teleportation
 k - a scroll of vulnerability {unknown}
 p - a scroll of fog {unknown}
Potions
 d - a potion of might
 f - 2 potions of curing
 g - a potion of haste
 i - 4 potions of enlightenment
 m - 2 potions of degeneration {unknown}
 o - a potion of heal wounds {unknown}
 q - a potion of resistance {unknown}
 r - a potion of attraction {unknown}


   Skills:
 + Level 4.6 Fighting
 * Level 4.9 Axes
 + Level 4.5 Armour
 + Level 2.3 Dodging
 + Level 4.6 Shields


You had 5 spell levels left.
You didn't know any spells.
Your spell library contained the following spells:

 Spells                   Type           Power      Damage    Failure   Level
 Cigotuvi's Dreadful Rot  Necr/Pois/Air  0%         N/A       93%         2
 Dispel Undead            Necr           0%         3d6       100%        4
 Death Channel            Necr           0%         N/A       100%        6


Dungeon Overview and Level Annotations

Branches:
Dungeon (4/15)              Sewer (visited)
 Temple: D:4-7

Altars:
Sif Muna


Innate Abilities, Weirdness & Mutations

You have a pair of horns on your head.
You reflexively headbutt those who attack you in melee.


Message History

* * * LOW HITPOINT WARNING * * *
You are more poisoned.
The adder poisons you!
The quasit bites you but does no damage.
The quasit closely misses you.
The quasit claws you but does no damage.
The adder barely misses you. The quasit misses you. The quasit claws you.
* * * LOW HITPOINT WARNING * * *
The quasit claws you but does no damage.
The goblin hits you but does no damage.
You closely miss the quasit.
The quasit is severely wounded.
You closely miss the goblin. You closely miss the adder.
You closely miss the quasit.
* * * LOW HITPOINT WARNING * * *
You feel sick.
The quasit bites you but does no damage.
The quasit barely misses you. You block the quasit's attack.
The quasit completely misses you. You furiously retaliate!
You headbutt the quasit. The quasit closely misses you.
The quasit claws you but does no damage.
The adder bites you but does no damage.
A hobgoblin comes into view.
You block the goblin's attack.
The quasit bites you but does no damage.
The quasit barely misses you. x2; You block the quasit's attack.
The quasit claws you but does no damage. x2
You barely miss the goblin. You closely miss the adder.
You closely miss the quasit. You miss the quasit.
* * * LOW HITPOINT WARNING * * *
You feel sick.
The hobgoblin shouts!
You block the adder's attack. The quasit misses you.
The quasit barely misses you. The quasit claws you.
* * * LOW HITPOINT WARNING * * *
You feel clumsy.
The quasit barely misses you. x2; The quasit claws you.
* * * LOW HITPOINT WARNING * * *
The goblin hits you with a +0 dagger.
You die...

... .## .
##..#####..# ..
#.........?##
...#............
.............g..
................
......5........$
#.....g@S.......
......5)<.......
..........#....)
.........## ....
......#..# .#
.##...#..#
.....#..#
.......## ... :.


You could see 2 quasits, an adder, a hobgoblin and a goblin.

Vanquished Creatures
  An ogre (D:4)
  A malarious merfolk avatar (Sewer)
  A sickly merfolk siren (Sewer)
  5 adders
  A worm (D:2)
  4 dart slugs
  An orc (D:4)
  6 endoplasms
  7 giant cockroaches
  3 goblins
  3 hobgoblins
  2 jackals (D:1)
  7 kobolds
  9 quokkas
  7 ball pythons
  A bat (D:1)
  10 frilled lizards
  24 rats
93 creatures vanquished.

Notes
Turn   | Place    | Note
-------+----------+-------------------------------------------
     0 | D:1      | inmateoo the Minotaur Fighter began the quest for the Orb.
     0 | D:1      | Reached XP level 1. HP: 19/19 MP: 0/0
   341 | D:1      | Reached XP level 2. HP: 27/27 MP: 1/1
   475 | D:1      | Found a faded altar of an unknown god.
   791 | D:2      | Reached skill level 1 in Dodging
   791 | D:2      | Reached XP level 3. HP: 33/33 MP: 2/2
  1703 | D:3      | Found a shimmering blue altar of Sif Muna.
  1718 | D:3      | Reached XP level 4. HP: 40/40 MP: 3/3
  1753 | D:3      | Found a glowing drain.
  1781 | Sewer    | Entered a sewer
  1957 | Sewer    | Reached XP level 5. HP: 44/47 MP: 4/4
  2762 | D:4      | Noticed an ogre
  2769 | D:4      | Killed an ogre
  2770 | D:4      | Reached XP level 6. HP: 16/53 MP: 5/5
  2775 | D:4      | HP: 2/53 [quasit (1)]
  2775 | D:4      | Slain by a goblin

Illustrated notes

Levels and vault maps discovered:
D:1:      dpeg_arrival_more_subterranean_lakeside_camping, layout_basic,
          ebering_ecumenical_altar_petrified, nicolae_kite_square_tiling_tiny
D:2:      layout_basic, minmay_lizard_pond
D:3:      layout_loops_cross, nicolae_sif_muna_condensation,
          gup_sewer_entry_pipe, serial_bayou_pond_b, kennysheep_generic_room_8
D:4:      layout_cave_pools, nemelex_xobeh_ov_fountains_minmay, serial_demonic,
          serial_demonic_e, serial_demonic_d, serial_demonic_b,
          serial_demonic_d, serial_demonic_f, serial_demonic_a

Skill      XL: |  1  2  3  4  5 |
---------------+----------------+-----
Axes           | 3 4 |  4.9
Dodging        | 1 2 |  2.3
Fighting       | 4 |  4.6
Shields        | 4 |  4.6
Armour         | 4 |  4.5

Action                     |  1- 3 |  4- 6 || total
---------------------------+-------+-------++-------
  Melee: War axe           |    77 |    99 ||   176
         Headbutt          |     8 |    10 ||    18
    Use: Scroll            |     2 |       ||     2
         Potion            |       |     1 ||     1
 Armour: Scale mail        |    56 |    96 ||   152
  Dodge: Dodged            |    33 |    76 ||   109
  Block: Buckler           |    12 |    26 ||    38

Table legend: (Time is in decaauts)
 A = Elapsed time spent in this place.
 B = Non-inter-level travel time spent in this place.
 C = Inter-level travel time spent in this place.
 D = Time resting spent in this place.
 E = Time spent auto-exploring this place.
 F = Levels seen in this place.
 G = Mean time per level.
                   A        B        C        D        E       F      G
               +--------+--------+--------+--------+--------+-----+--------+
         Total |   2898 |   2734 |    164 |    164 |   1948 |   5 |  579.6 |
       Dungeon |   2486 |   2322 |    164 |    164 |   1751 |   4 |  621.5 |
         Sewer |    412 |    412 |      0 |      0 |    197 |   1 |  412.0 |
               +--------+--------+--------+--------+--------+-----+--------+

Top non-repeatable levels by time:
     D:2: 897 daAuts
     D:3: 796 daAuts
     D:1: 776 daAuts
   Sewer: 412 daAuts
     D:4: 16 daAuts
